 Dungeon Crawl Stone Soup version 0.31-a0-188-g5e087ee2ca (webtiles) character file.

Game seed: 10410928545299929004

67 qw the Shooter (level 3, -1/20 HPs)
             Began as a Deep Elf Hunter on June 23, 2023.
             Slain by a gnoll
             ... wielding a +0 spear
              (5 damage)
             ... on level 2 of the Dungeon.
             The game lasted 00:00:25 (806 turns).

qw the Shooter (Deep Elf Hunter)                     Turns: 806, Time: 00:00:25

Health: -1/20      AC:  3    Str: 10    XL:     3   Next: 98%
Magic:  5/5        EV: 12    Int: 13    God:
Gold:   112        SH:  0    Dex: 18    Spells: 2/2 levels left

rFire   . . .        Y - +0 shortbow
rCold   . . .        (shield currently unavailable)
rNeg    . . .        c - +0 leather armour
rPois   .            (no helmet)
rElec   .            (no cloak)
rCorr   .            (no gloves)
SInv    .            (no boots)
Will    .....        e - amulet of the acrobat
Stlth   ++           (no ring)
HPRegen 0.23/turn    (no ring)
MPRegen 0.09/turn

%: acrobat
@: about to teleport
A: no striking features
a: no special abilities


You were on level 2 of the Dungeon.
You visited 1 branch of the dungeon, and saw 2 of its levels.

You collected 112 gold pieces.


   Skills:
 - Level 1.5 Fighting
 + Level 7.4 Ranged Weapons
 - Level 2.4 Dodging
 - Level 1.2 Stealth


You had 2 spell levels left.
You didn't know any spells.
Your spell library was empty.

Inventory:

Hand Weapons
 Y - a +0 shortbow (weapon)
Armour
 b - a +0 ring mail
 c - a +0 leather armour (worn)
Jewellery
 e - an amulet of the acrobat (around neck)
Scrolls
 a - a scroll of teleportation
Potions
 d - a potion of enlightenment {unknown}
 g - a potion of attraction {unknown}

Dungeon Overview and Level Annotations

Branches:
Dungeon (2/15)

Altars:

Annotations:
D:2 Jessica


Message History

The gnoll shouts!
The arrow hits the gnoll.
The gnoll is heavily wounded.
You hear a shout! x3
You shoot an arrow. The arrow hits the gnoll.
The gnoll is severely wounded.
You shoot an arrow. The arrow barely misses the gnoll.
You shoot an arrow. The arrow hits the gnoll.
The gnoll is almost dead.
A gnoll comes into view. It is wielding a +0 spear.
A hobgoblin comes into view.
You shoot an arrow. The arrow hits the gnoll.
You kill the gnoll!
A quokka comes into view.
You shoot an arrow. The arrow hits the gnoll.
The gnoll is lightly wounded.
You shoot an arrow. The arrow hits the gnoll.
The gnoll is heavily wounded.
Jessica the Apprentice Sorceress comes into view.
She is wielding a +0 club.
The gnoll misses you.
You shoot an arrow. The arrow hits the gnoll!
You kill the gnoll!
You shoot an arrow. The arrow hits the hobgoblin!
You kill the hobgoblin!
You shoot an arrow. The arrow closely misses the quokka.
You shoot an arrow. The arrow hits the quokka.
You kill the quokka!
You shoot an arrow. The arrow hits the gnoll.
The gnoll is lightly wounded.
The gnoll hits you from afar with a +0 spear.
Jessica points at you and mumbles some strange words.
Pain shoots through your body!
Ouch! That really hurt!
805 ||| READING 2 scrolls of teleportation.
As you read the scroll of teleportation, it crumbles to dust.
You feel strangely unstable. The gnoll misses you.
You shoot an arrow. The arrow barely misses the gnoll.
The gnoll hits you from afar with a +0 spear.
You die...

#.# .... ......... #.# ....
.....#. #.# ..... ..... # #.#
.....## #...# .#.#.#
.......##...######.#.#.#
.....@.+............>#.#
#...g)##..........# #.# .....#
#...#.@...........# #.# .###....#
#...####.##.....#.# #.# #.......#
#...# #.####.....# #.# #.......#
#...####..........# #.# #.......#
#.........###.....#.#.# #.......#
#..##.....####.##.#.#.#
#.......###...............#.#.#.#
............###.....####..#.#.#.#
..............'.....#<....#.#.#.#


You could see a gnoll and Jessica.

Vanquished Creatures
  2 gnolls (D:2)
  3 dart slugs
  2 ball pythons (D:1)
  5 bats
  An endoplasm (D:1)
  2 giant cockroaches
  5 goblins
  4 hobgoblins
  3 kobolds
  4 quokkas
  A frilled lizard (D:2)
  5 rats
37 creatures vanquished.

Notes
Turn   | Place    | Note
-------+----------+-------------------------------------------
     0 | D:1      | qw the Deep Elf Hunter began the quest for the Orb.
     0 | D:1      | Reached XP level 1. HP: 12/12 MP: 3/3
     0 | D:1      | 0 ||| qw: Version: 0.3-a-9-g12657ce
     0 | D:1      | 0 ||| qw: Game counter: 3837
     0 | D:1      | 0 ||| qw: Always use a shield: true
     0 | D:1      | 0 ||| qw: God list: Okawaru
     0 | D:1      | 0 ||| qw: Allow faded altars: false
     0 | D:1      | 0 ||| qw: Do Orc after D:15 true
     0 | D:1      | 0 ||| qw: Do second Lair branch before Depths: true
     0 | D:1      | 0 ||| qw: Lair rune preference: random
     0 | D:1      | 0 ||| qw: Plans: Normal
     0 | D:1      | 0 ||| PLANNING D:1-11
    48 | D:1      | Reached XP level 2. HP: 16/16 MP: 4/4
   132 | D:1      | Reached skill level 6 in Ranged Weapons
   451 | D:1      | 451 ||| UPGRADING to amulet of the acrobat.
   456 | D:1      | 456 ||| READING scroll labelled JIACYTR HIXKACH.
   457 | D:1      | 457 ||| READING scroll labelled GIKIROMUNO.
   461 | D:1      | 461 ||| READING scroll labelled IZXEFE JIRGHIM.
   462 | D:1      | 462 ||| DROPPING scroll of butterflies.
   512 | D:2      | Reached XP level 3. HP: 20/20 MP: 5/5
   705 | D:2      | Reached skill level 7 in Ranged Weapons
   799 | D:2      | Noticed Jessica
   804 | D:2      | HP: 3/20 [Jessica/nerve-wracking pain (11)]
   805 | D:2      | 805 ||| READING 2 scrolls of teleportation.
   806 | D:2      | Slain by a gnoll

Levels and vault maps discovered:
D:1:      psy_arrival_fountain, layout_rooms, corexii_item_surrounded_by_moat,
          minmay_pentomino_x2
D:2:      layout_basic, dreamdust_ecumenical_altar_angels_and_demons,
          minmay_cupped, uniq_jessica

Skill      XL: |  1  2  3 |
---------------+----------+-----
Ranged Weapons | 6 7 |  7.4
Fighting       | |  1.5
Dodging        | |  2.4
Stealth        | |  1.2

Action                     || total
---------------------------++-------
   Fire: Shortbow          ||    90
    Use: Scroll            ||     4
 Armour: Leather armour    ||     7
  Dodge: Dodged            ||    10

Table legend:
 A = Non-vault XP
 B = Vault XP
 C = Vault XP percentage of total XP
 D = Non-vault monster count
 E = Vault monster count
 F = Vault count percentage of total count
                 A         B        C        D         E       F
            +---------+---------+-------+---------+---------+-------
      Total |      89 |       7 |   7.3 |      34 |       3 |   8.1
            +---------+---------+-------+---------+---------+-------
        D:1 |      37 |       0 |   0.0 |      18 |       0 |   0.0
        D:2 |      52 |       7 |  11.9 |      16 |       3 |  15.8
            +---------+---------+-------+---------+---------+-------
